 Seeded DCSS version 0.27.1-1-g398f81649c (webtiles) character file.

Game seed: 11091976008765326960 (custom seed)

3727 a11behringer the Basher (level 9, -14/81 HPs)
             Began as a Troll Berserker on Sept 7, 2021.
             Was a Believer of Trog.
             Killed by divine providence
             ... invoked by an orc priest
              (16 damage)
             ... on level 8 of the Dungeon.
             The game lasted 00:22:48 (5530 turns).

a11behringer the Basher (Troll Berserker)           Turns: 5530, Time: 00:22:50

Health: -14/81     AC:  7    Str: 27    XL:     9   Next: 92%
Magic:  8/8        EV: 10    Int:  3    God:    Trog [**....]
Gold:   310        SH:  0    Dex: 12    Spells: 8/8 levels left

rFire    . . .     SeeInvis .   t - +0 giant spiked club
rCold    . . .     Faith    .   (shield currently unavailable)
rNeg     . . .     Spirit   .   a - +0 animal skin
rPois    +         Reflect  .   (helmet restricted)
rElec    .         Harm     .   d - +2 cloak
rCorr    .         Rampage  .   (gloves unavailable)
Will     .....                  (boots unavailable)
Stlth    +.........             (no amulet)
HPRegen  1.23/turn              w - ring of poison resistance
MPRegen  0.11/turn              (no ring)

@: on berserk cooldown, slowed, very slow
A: large, unfitting armour, claws 3, regeneration 1, shaggy fur 1, tough skin 1
a: Renounce Religion, Berserk, Trog's Hand


You were on level 8 of the Dungeon.
You worshipped Trog.
Trog was pleased with you.
You visited 1 branch of the dungeon, and saw 8 of its levels.

You collected 310 gold pieces.

Inventory:

Hand Weapons
 i - a +0 morningstar
 s - a +0 giant club
 t - a +0 giant spiked club (weapon)
Missiles
 h - 201 stones (quivered)
 z - 4 large rocks
 C - 2 throwing nets
Armour
 a - a +0 animal skin (worn)
 d - a +2 cloak (worn)
 E - a +0 tower shield
 F - a +0 pair of boots
Jewellery
 w - a ring of poison resistance (left claw)
 y - an amulet of magic regeneration
Wands
 q - a wand of polymorph (2)
 x - a wand of iceblast (11)
Scrolls
 b - 3 scrolls of teleportation
 c - 4 scrolls of immolation
 f - 2 scrolls of vulnerability {unknown}
 g - 6 scrolls of identify
 l - a scroll of noise
 r - a scroll of blinking
 v - a scroll of fear {unknown}
 A - a scroll of magic mapping {unknown}
 B - a scroll of fog {unknown}
Potions
 e - 3 potions of curing {unknown}
 j - 2 potions of degeneration {unknown}
 k - 2 potions of lignification {unknown}
 m - 4 potions of heal wounds
 n - a potion of invisibility {unknown}
 o - a potion of ambrosia {unknown}
 p - 3 potions of might {unknown}
 u - a potion of resistance {unknown}
 D - a potion of flight {unknown}


   Skills:
 - Level 3.1 Fighting
 * Level 11.5 Maces & Flails
 - Level 3.2 Dodging
 - Level 6.0 Unarmed Combat


You had 8 spell levels left.
You didn't know any spells.
Your spell library was empty.

Dungeon Overview and Level Annotations

Branches:
Dungeon (8/15)             Temple (0/1) D:5
   Lair: D:8-11

Altars:
Gozag
Uskayaw
Wu Jian


Innate Abilities, Weirdness & Mutations

You are too large for most types of armour.
You have claws for hands.
Your natural rate of healing is unusually fast.
You are covered in fur. (AC +1)
You have tough skin. (AC +1)


Message History

The orc priest is almost dead.
Your skin stops crawling.
You feel less strong-willed.
The killer bee stings you but does no damage.
The killer bee closely misses you.
The orc priest casts a cantrip, but nothing happens.
You puncture the orc priest!
You kill the orc priest!
Trog accepts your kill. The killer bee stings you. The killer bee misses you.
You are no longer berserk.
You are exhausted.
You feel yourself slow down.
The killer bee stings you but does no damage.
Things that are here:
a +0 short sword; a +0 scale mail; a killer bee corpse You closely miss the killer bee.
The killer bee misses you. The killer bee barely misses you.
The killer bee stings you.
* * * LOW HITPOINT WARNING * * *
The orc priest calls down the wrath of Beogh upon you.
Beogh smites you!
* * * LOW HITPOINT WARNING * * *
The killer bee stings you.
* * * LOW HITPOINT WARNING * * *
You sock the killer bee!
The killer bee is heavily wounded.
The killer bee barely misses you. x2; The killer bee stings you.
* * * LOW HITPOINT WARNING * * *
You closely miss the killer bee.
The killer bee is heavily wounded.
The killer bee closely misses you. The killer bee barely misses you.
The killer bee stings you but does no damage.
The killer bee stings you.
* * * LOW HITPOINT WARNING * * *
You miss the killer bee.
The killer bee is heavily wounded.
The killer bee barely misses you. The killer bee stings you.
* * * LOW HITPOINT WARNING * * *
The orc priest calls down the wrath of Beogh upon you.
Beogh smites you!
You die...

#### ..# #.# #.# ## #†#
.. #.# ####.# #†###
#.@..#
#.<.#######y##.###
###................
#..###...o.......
###>.# #...PPP......
#....###.........P..
.###...............PP..
.....≈≈.#.##........P.
......≈≈....#.####..P..


You could see a killer bee and an orc priest.

Vanquished Creatures
  Harold (D:7)
  The ghost of ZARRMARR the Sneak, a novice OpTm (D:6)
  4 yaks (D:7)
  A wyvern (D:7)
  2 water moccasins
  An orc warrior (D:7)
  3 ogres
  2 necrophages
  A phantom (D:4)
  A bullfrog (D:6)
  2 scorpions (D:6)
  A water moccasin zombie (D:5)
  A gnoll sergeant (D:5)
  5 killer bees (D:8)
  A wight (D:4)
  2 howler monkeys
  A centaur zombie (D:7)
  2 centaur skeletons
  3 hounds
  A jelly (D:7)
  2 orc priests
  Jessica (D:3)
  An iguana (D:5)
  Natasha (thrice) (D:3)
  Terence (D:2)
  A hound skeleton (D:4)
  A howler monkey zombie (D:7)
  9 gnolls
  3 adders
  A shadow imp (D:7)
  2 dart slugs (D:4)
  11 orcs
  7 ball pythons
  6 bats
  5 endoplasms
  2 giant cockroaches (D:4)
  4 goblins
  6 hobgoblins
  3 quokkas
  3 frilled lizards
  2 kobolds
  A rat (D:2)
111 creatures vanquished.

Vanquished Creatures (others)
  13 fungi (D:8)
  15 plants
28 creatures vanquished.

Grand Total: 139 creatures vanquished

Notes
Turn   | Place    | Note
-------+----------+-------------------------------------------
     0 | D:1      | a11behringer the Troll Berserker began the quest for the
                  | Orb.
     0 | D:1      | Reached XP level 1. HP: 22/22 MP: 0/0
   174 | D:1      | You fall into a shaft and drop 1 floor!
   339 | D:2      | Noticed Terence
   341 | D:2      | You fall into a shaft and drop 1 floor!
   358 | D:3      | Reached XP level 2. HP: 27/29 MP: 1/1
   425 | D:3      | Reached XP level 3. HP: 36/36 MP: 2/2
   431 | D:3      | Noticed Jessica
   436 | D:3      | Killed Jessica
   446 | D:3      | Found a hide-covered altar of Uskayaw.
   520 | D:2      | Killed Terence
   521 | D:2      | Reached XP level 4. HP: 41/44 MP: 3/3
   978 | D:1      | Found a faded altar of an unknown god.
  1820 | D:3      | Noticed Natasha
  1827 | D:3      | Killed Natasha
  1827 | D:3      | Reached ** piety under Trog
  1828 | D:3      | Reached skill level 5 in Unarmed Combat
  1828 | D:3      | Reached XP level 5. HP: 46/53 MP: 4/4
  2033 | D:3      | Noticed Natasha
  2073 | D:3      | Killed Natasha
  2177 | D:3      | Noticed Natasha
  2184 | D:3      | Killed Natasha
  2416 | D:4      | Noticed an ogre
  2429 | D:4      | Killed an ogre
  2430 | D:4      | Reached XP level 6. HP: 61/61 MP: 5/5
  2560 | D:4      | Reached skill level 1 in Maces & Flails
  2709 | D:4      | Reached skill level 2 in Maces & Flails
  2721 | D:4      | Reached skill level 3 in Maces & Flails
  2721 | D:4      | Reached XP level 7. HP: 22/67 MP: 6/6
  3099 | D:5      | Entered Level 5 of the Dungeon
  3157 | D:5      | Reached skill level 4 in Maces & Flails
  3185 | D:5      | Found an ornate altar of the Wu Jian Council.
  3363 | D:5      | Reached skill level 5 in Maces & Flails
  3399 | D:5      | Reached skill level 6 in Maces & Flails
  3399 | D:5      | Reached XP level 8. HP: 19/75 MP: 7/7
  3691 | D:5      | Found a staircase to the Ecumenical Temple.
  3873 | D:6      | Reached skill level 7 in Maces & Flails
  4328 | D:6      | Noticed ZARRMARR's ghost (novice OpTm)
  4329 | D:6      | Found a runed translucent gate.
  4329 | D:6      | Found a runed translucent gate.
  4329 | D:6      | Found a runed translucent gate.
  4361 | D:6      | Killed ZARRMARR's ghost
  4362 | D:6      | Reached skill level 8 in Maces & Flails
  4779 | D:7      | Reached skill level 9 in Maces & Flails
  4779 | D:7      | Reached XP level 9. HP: 81/81 MP: 8/8
  4793 | D:7      | Reached skill level 10 in Maces & Flails
  4860 | D:7      | Noticed Harold
  4873 | D:7      | Killed Harold
  4874 | D:7      | Reached skill level 11 in Maces & Flails
  5449 | D:8      | Found an opulent altar of Gozag.
  5527 | D:8      | HP: 2/81 [killer bee (5)]
  5530 | D:8      | Killed from afar by an orc priest

Illustrated notes

Levels and vault maps discovered:
D:1:      co_arrival_random_square_maze, layout_loops_corners,
          shapermc_ecumenical_altar_mp_vishouse, hangedman_decor_lopped
D:2:      layout_loops_cross, hex_tiny, minmay_tromino_v4_c, uniq_terence
D:3:      layout_loops_ring, nicolae_overflow_hidden_temple,
          amcnicky_altar_gilded, serial_bayou_lagoon_a, uniq_jessica,
          uniq_natasha
D:4:      layout_loops_ring, minmay_surrounded
D:5:      layout_basic, pdpol_wu_jian_five_deadly_venoms,
          minmay_temple_entry_enclosed_plants
D:6:      layout_loops_ring, ebering_ghost_rock_garden,
          chequers_hall_statues_corner_a
D:7:      layout_basic, uniq_harold
D:8:      layout_loops_ring, mainiacjoe_overflow_chevrons, david_lair_generic,
          serial_bayou, serial_bayou_crossing, serial_bayou_ford_a,
          serial_bayou_pond_b, serial_bayou_pond_a, serial_bayou_pond_d,
          kennysheep_small_circle, uniq_joseph, uniq_pikel, uniq_psyche,
          uniq_erica

Skill      XL: |  1  2  3  4  5  6  7  8  9 |
---------------+----------------------------+-----
Unarmed Combat | 4 5 6 |  6.0
Fighting       | 3 |  3.1
Dodging        | 3 |  3.2
Maces & Flails | 3 6 9 11 | 11.5

Action                   |  1- 3 |  4- 6 |  7- 9 || total
-------------------------+-------+-------+-------++-------
Melee: Unarmed           |    35 |   100 |     1 ||   136
       Punch             |       |     2 |       ||     2
       Giant spiked club |       |       |   283 ||   283
Invok: Berserk           |       |     1 |     3 ||     4
       Trog's Hand       |       |     1 |     4 ||     5
  Use: Scroll            |       |       |     5 ||     5
Armor: Animal skin       |     9 |    30 |   129 ||   168
Dodge: Dodged            |    14 |    48 |   235 ||   297
